 Dungeon Crawl Stone Soup version 0.26-a0-631-ged93497179 (webtiles) character file.

Game seed: 9476314677622284497

4 MrRokkomies the Sneak (level 1, 0/18 HPs)
             Began as a Demigod Delver on Sept 13, 2020.
             Slain by a centaur zombie (5 damage)
             ... on level 5 of the Dungeon.
             The game lasted 00:01:36 (606 turns).

MrRokkomies the Sneak (Demigod Delver)               Turns: 606, Time: 00:01:36

Health: 0/18       AC:  3    Str: 15    XL:     1   Next: 40%
Magic:  12/12      EV: 12    Int: 14    God:
Gold:   0          SH:  0    Dex: 17    Spells: 0/0 levels left

rFire    . . .     SeeInvis .   e - +1 dagger (speed)
rCold    . . .     Faith    .   (no shield)
rNeg     . . .     Spirit   .   b - +0 leather armour
rPois    .         Reflect  .   (no helmet)
rElec    .         Harm     .   (no cloak)
rCorr    .         Rampage  .   (no gloves)
MR       .....                  (no boots)
Stlth    +++.......             (no amulet)
HPRegen  0.06/turn              i - ring of magical power
MPRegen  0.13/turn              (no ring)

@: no status effects
A: high mp 1
a: no special abilities


You were on level 5 of the Dungeon.
You visited 1 branch of the dungeon, and saw 1 of its levels.

Inventory:

Hand Weapons
 a - a +0 falchion
 e - a +1 dagger of speed (weapon)
Armour
 b - a +0 leather armour (worn)
Jewellery
 i - a ring of magical power (left hand)
Wands
 g - a wand of digging (3)
Scrolls
 c - a scroll of fog
 d - a scroll of magic mapping
 h - 3 scrolls of identify {unknown}
 j - a scroll of remove curse {unknown}
Potions
 f - a potion of haste
 k - a potion of flight {unknown}


   Skills:
 * Level 2.7 Fighting
 * Level 1.8 Long Blades
 + Level 1.8 Dodging
 - Level 4.5 Stealth


You couldn't memorise any spells.
You didn't know any spells.
Your spell library was empty.

Dungeon Overview and Level Annotations

Branches:
Dungeon (5/15)
 Temple: D:4-7


Innate Abilities, Weirdness & Mutations

You have an increased reservoir of magic. (+10% MP)


Message History

You kill the leopard gecko!
h - 3 scrolls labeled DOONUP XINEFEBE (gained 1)
A centaur zombie comes into view.
The centaur zombie hits you. The centaur zombie hits you!
You hit the centaur zombie.
The centaur zombie is lightly damaged.
The centaur zombie hits you.
You barely miss the centaur zombie.
The centaur zombie is lightly damaged.
You hit the centaur zombie.
The centaur zombie is lightly damaged.
The centaur zombie hits you.
* * * LOW HITPOINT WARNING * * *
You hit the centaur zombie but do no damage.
The centaur zombie is lightly damaged.
The centaur zombie closely misses you.
You hit the centaur zombie.
The centaur zombie is moderately damaged.
The centaur zombie hits you.
You die...

################
#.....#........#
#.....#........#
#.....#........#
#.@Z..#........#
#....##........#
#....##........#
#..............#
#..............#
#..............#
#..............#
#..............#
+..............#


You could see a centaur zombie.

Vanquished Creatures
  A leopard gecko (D:5)
  An orc (D:5)
2 creatures vanquished.

Notes
Turn   | Place    | Note
-------+----------+-------------------------------------------
     0 | D:5      | MrRokkomies the Demigod Delver began the quest for the Orb.
     0 | D:5      | Reached XP level 1. HP: 18/18 MP: 3/3
     7 | D:5      | Found a shattered altar of Ashenzari.
    80 | D:5      | Noticed an orc wizard
   357 | D:5      | Noticed an orc priest
   484 | D:5      | Noticed an orc wizard
   485 | D:5      | Noticed an orc wizard
   606 | D:5      | Slain by a centaur zombie

Illustrated notes

Levels and vault maps discovered:
D:5:      layout_gridville, evilmike_ruin_ashenzari

Action                   || total
-------------------------++-------
Melee: Dagger            ||    17
  Use: Scroll            ||     1
 Stab: Sleeping          ||     1
Armor: Leather armour    ||     2
Dodge: Dodged            ||     5

Table legend: (Time is in decaauts)
 A = Elapsed time spent in this place.
 B = Non-inter-level travel time spent in this place.
 C = Inter-level travel time spent in this place.
 D = Time resting spent in this place.
 E = Time spent auto-exploring this place.
 F = Levels seen in this place.
 G = Mean time per level.
                   A        B        C        D        E       F      G
               +--------+--------+--------+--------+--------+-----+--------+
         Total |    599 |    599 |      0 |    263 |    174 |   1 |  599.0 |
       Dungeon |    599 |    599 |      0 |    263 |    174 |   1 |  599.0 |
               +--------+--------+--------+--------+--------+-----+--------+

Top non-repeatable levels by time:
     D:5: 599 daAuts
